 Dungeon Crawl Stone Soup version 0.21.1-1-g345015f (webtiles) character file.

104 yevrey the Insei (level 4, 0/36 HPs)
             Began as a Draconian Transmuter on Mar 30, 2018.
             Slain by a hound (3 damage)
             ... on level 3 of the Dungeon.
             The game lasted 00:07:04 (2572 turns).

yevrey the Insei (Draconian Transmuter)             Turns: 2572, Time: 00:07:04

Health: 0/36       AC:  5    Str: 12    XL:     4   Next: 52%
Magic:  0/8        EV: 12    Int: 14    God:
Gold:   184        SH:  0    Dex: 12    Spells: 2/8 levels left

rFire    . . .     SeeInvis .     - Unarmed
rCold    . . .     Gourm    .   (no shield)
rNeg     . . .     Faith    .   (armour unavailable)
rPois    .         Spirit   .   (helmet restricted)
rElec    .         Reflect  .   (no cloak)
rCorr    .         Harm     .   (no gloves)
MR       .....                  (no boots)
Stlth    +.........             (no amulet)
HPRegen  0.12/turn              (no ring)
MPRegen  0.11/turn              (no ring)

@: very slightly contaminated, drained
A: unfitting armour, cold-blooded, AC +5
a: no special abilities


You were on level 3 of the Dungeon.
You were hungry.

You visited 1 branch of the dungeon, and saw 4 of its levels.

You collected 184 gold pieces.

Inventory:

Hand Weapons
 q - a +0 dagger of draining
Missiles
 a - 35 arrows
Scrolls
 d - 3 scrolls of remove curse {unknown}
 e - a scroll of amnesia {unknown}
 h - a scroll of immolation {unknown}
 j - a scroll of random uselessness {unknown}
 m - a scroll of teleportation {unknown}
 r - 3 scrolls of identify {unknown}
Potions
 f - a potion of degeneration {unknown}
 g - a potion of might {unknown}
 i - a potion of resistance {unknown}
 k - 2 potions of lignification {unknown}
 l - a potion of haste {unknown}
 o - a potion of mutation {unknown}
 p - a potion of heal wounds {unknown}
 s - 2 potions of curing {unknown}
 t - a potion of agility {unknown}
Books
 b - a book of Changes

   Spells                             Type                      Level
   a - Beastly Appendage              Transmutation                1
   b - Sticks to Snakes               Transmutation                2
   c - Spider Form                    Transmutation/Poison         3
   d - Ice Form                       Ice/Transmutation            4
   e - Blade Hands                    Transmutation                5
Comestibles
 c - 8 rations
 n - 4 chunks of flesh


   Skills:
 * Level 2.2(1.9) Fighting
 - Level 1.7(1.5) Dodging
 + Level 3.8(3.5) Unarmed Combat
 + Level 2.6(2.4) Spellcasting
 + Level 2.8(2.6) Transmutations
 * Level 0.9(0.7) Poison Magic


You had 2 spell levels left.
You knew the following spells:

 Your Spells              Type           Power        Failure   Level  Hunger
a - Beastly Appendage     Tmut           #.....       8%          1    #......
b - Sticks to Snakes      Tmut           #.......     12%         2    ###....
c - Spider Form           Tmut/Pois      #.........   34%         3    ###....


Dungeon Overview and Level Annotations

Branches:
Dungeon (4/15)
 Temple: D:4-7

Altars:


Innate Abilities, Weirdness & Mutations

Your plain brown scales are hard. (AC +5)
You cannot fit into any form of body armour.
You are cold-blooded and may be slowed by cold attacks.


Message History

The hound bites you. The hound closely misses you.
Casting: Spider Form
Confirm with . or Enter, or press ? or * to list all spells.
You miscast Spider Form.
Nothing appears to happen.
The hound barely misses you.
You closely miss the hound.
Your tail-slap misses the hound.
The hound barely misses you.
You hit the hound.
The hound is lightly wounded.
The hound bites you.
* * * LOW HITPOINT WARNING * * *
The hound barely misses you.
You barely miss the hound.
Your tail-slap misses the hound.
The hound is lightly wounded.
You are feeling hungry.
The hound bites you.
* * * LOW HITPOINT WARNING * * *
The hound bites you.
You die...

#.#...# ###.#...#
######### #.......#
#........
#.......#####.#######
#....................
#......######.#######
#### #......# #.#
#... ########
#.####### #.#.
#...@h..# #.#.
#######.# #... #.#
###### #[.#
#<###....###...
#........'....(
#####....###.#(
###### #.#( #.#. #.#.


You could see a hound.

Vanquished Creatures
  4 adders
  An ooze (D:2)
  2 dart slugs (D:1)
  4 leopard geckos
  8 giant cockroaches
  6 goblins
  6 hobgoblins
  3 bats
  5 frilled lizards
  7 kobolds
  9 rats
55 creatures vanquished.

Vanquished Creatures (collateral kills)
  A goblin (D:1)
  A hobgoblin (D:1)
  A rat (D:1)
3 creatures vanquished.

Grand Total: 58 creatures vanquished

Notes
Turn   | Place    | Note
-------+----------+-------------------------------------------
     0 | D:1      | yevrey the Draconian Transmuter began the quest for the Orb.
     0 | D:1      | Reached XP level 1. HP: 16/16 MP: 3/3
    82 | D:1      | Reached XP level 2. HP: 20/23 MP: 5/5
    86 | D:1      | Learned a level 2 spell: Sticks to Snakes
   455 | D:1      | Reached XP level 3. HP: 19/29 MP: 3/6
   562 | D:1      | Learned a level 3 spell: Spider Form
  1589 | D:3      | Reached XP level 4. HP: 30/36 MP: 0/7
  2572 | D:3      | Slain by a hound

Skill      XL: |  1  2  3 |
---------------+----------+-----
Fighting       | 2 |  2.2
Dodging        | |  1.7
Unarmed Combat | |  3.8
Spellcasting   | |  2.6
Transmutations | |  2.8
Poison Magic   | |  0.9

Action                   |  1- 3 |  4- 6 || total
-------------------------+-------+-------++-------
Melee: Unarmed           |   123 |    49 ||   172
       Kick              |    12 |     2 ||    14
       Tailslap          |     5 |     2 ||     7
       Punch             |     1 |       ||     1
       Headbutt          |     6 |       ||     6
 Cast: Beastly Appendage |    20 |     3 ||    23
       Sticks to Snakes  |     1 |       ||     1
       Spider Form       |     4 |     9 ||    13
 Stab: Sleeping          |       |     1 ||     1
  Eat: Chunk             |     3 |     5 ||     8
Armor: Skin              |    35 |    11 ||    46
Dodge: Dodged            |    79 |    41 ||   120
